 Dungeon Crawl Stone Soup version 0.31-a0-596-g831eee08f1 (webtiles) character file.

Game seed: 210744292331932043

2375 thirtiethelement the Firebug (level 9, -7/65 HPs)
             Began as a Demonspawn Cinder Acolyte on Aug 20, 2023.
             Was a High Priest of Ignis.
             Killed from afar by an electric eel (10 damage)
             ... with a bolt of electricity
             ... on level 8 of the Dungeon.
             The game lasted 00:16:46 (6402 turns).

thirtiethelement the Firebug (DsCA)                 Turns: 6402, Time: 00:16:46

Health: -7/65      AC: 12    Str: 15    XL:     9   Next: 21%
Magic:  17/17      EV: 12    Int: 24    God:    Ignis [*****.]
Gold:   651        SH:  0    Dex: 15    Spells: 17/19 levels left

rFire   + + .        q - +6 dagger (drain)
rCold   + . .        (no shield)
rNeg    . . .        H - +0 steam dragon scales
rPois   .            m - +0 helmet
rElec   .            s - +0 cloak "Zifu" {Rampage *Slow rF+ Int+5}
rCorr   .            D - +0 pair of gloves
SInv    .            (no boots)
Will    .....        A - amulet of the acrobat
Stlth   +++          v - +6 ring of dexterity
HPRegen 0.30/turn    x - ring of protection from cold
MPRegen 0.15/turn

%: slow self (1%), acrobat, rampage
@: hasted, very quick
A: hooves 1, molten scales 2, demonic magic 2
a: Renounce Religion, Fiery Armour, Foxfire Swarm, Rising Flame


You were on level 8 of the Dungeon.
You worshipped Ignis.
Ignis was extremely pleased with you.
You visited 2 branches of the dungeon, and saw 9 of its levels.
You also visited: Sewer.

You collected 651 gold pieces.

Inventory:

Hand Weapons
 a - a -1 falchion of flaming
 q - a +6 dagger of draining (weapon)
Missiles
 t - 6 boomerangs
 G - 5 datura-tipped darts (quivered)
Armour
 g - a +0 leather armour
 m - a +0 helmet (worn)
 s - the +0 cloak "Zifu" (worn) {Rampage *Slow rF+ Int+5}
   (You found it on level 4 of the Dungeon)

   Int+5:     It affects your intelligence (+5).
   rF+:       It protects you from fire.
   *Slow:     It may slow you when you take damage.
   Rampage:   It bestows one free step when moving towards enemies.
 D - a +0 pair of gloves (worn)
 H - +0 steam dragon scales (worn)
Jewellery
 v - a +6 ring of dexterity (left hand)
 x - a ring of protection from cold (right hand)
 A - an amulet of the acrobat (around neck)
Talismans
 B - a maw talisman
Wands
 f - a wand of iceblast (7)
 E - a wand of flame (29)
 I - a wand of quicksilver (12)
Scrolls
 b - 2 scrolls of fog
 d - a scroll of enchant armour
 j - 2 scrolls of teleportation {unknown}
 k - a scroll of vulnerability
 o - 3 scrolls of revelation
 y - a scroll of butterflies {unknown}
 C - a scroll of amnesia {unknown}
Potions
 c - a potion of haste
 e - a potion of mutation {unknown}
 h - a potion of heal wounds {unknown}
 i - a potion of degeneration {unknown}
 l - 2 potions of lignification {unknown}
 n - a potion of berserk rage {unknown}
 p - 2 potions of curing {unknown}
 u - 2 potions of attraction {unknown}
 w - a potion of enlightenment {unknown}
 z - 2 potions of resistance {unknown}
 F - a potion of invisibility {unknown}


   Skills:
 + Level 4.0 Fighting
 * Level 3.9(4.6) Short Blades
 - Level 3.6(4.5) Long Blades
 + Level 2.9 Armour
 + Level 2.0 Dodging
 + Level 4.7 Stealth
 + Level 5.8 Spellcasting
 + Level 5.8 Fire Magic


You had 17 spell levels left.
You knew the following spells:

 Your Spells              Type           Power      Damage    Failure   Level
a - Scorch                Fire           68%        2d7       1%          2

Your spell library contained the following spells:

 Spells                   Type           Power      Damage    Failure   Level
 Freeze                   Ice            28%        1d5       9%          1
 Frozen Ramparts          Ice            14%        1d3       24%         3
 Hailstorm                Conj/Ice       7%         3d4       24%         3
 Petrify                  Tmut/Erth      7%         N/A       63%         4
 Metabolic Englaciation   Hex/Ice        3%         N/A       92%         5
 Conjure Ball Lightning   Conj/Air       3%         3x3d6     100%        6
 Discord                  Hex            3%         N/A       100%        8
 Disjunction              Tloc           3%         N/A       100%        8


Dungeon Overview and Level Annotations

Branches:
Dungeon (8/15)             Temple (1/1) D:6           Sewer (visited)
   Lair: D:8-11

Altars:
Ashenzari
Cheibriados
Dithmenos
Fedhas
Gozag
Hepliaklqana
Kikubaaqudgha
Makhleb
Nemelex Xobeh
Okawaru
Qazlal
Ru
Sif Muna
Trog
Uskayaw
Vehumet
Wu Jian
Xom
Yredelemnul


Innate Abilities, Weirdness & Mutations

You have large cloven feet.
You are mostly covered in molten scales. (AC +3)
Spells you cast may paralyse nearby enemies.


Message History

You continue taking off your +0 leather armour. x4
You finish taking off your +0 leather armour.
You start putting on your armour.
You continue putting on your +0 steam dragon scales. x5
You finish putting on your +0 steam dragon scales.
Found an escape hatch in the ceiling.
I - a wand of quicksilver (12)
Found a morningstar.
Found a sling.
An electric eel comes into view.
The electric eel shoots out a bolt of lightning at you!
The bolt of electricity hits you!
An electric eel comes into view.
The electric eel shoots out a bolt of lightning at you!
The bolt of electricity hits you!
The electric eel shoots out a bolt of lightning at you!
The bolt of electricity hits you!
You closely miss the electric eel.
The electric eel shoots out a bolt of lightning at you!
The bolt of electricity hits you!
The bolt of electricity hits the electric eel.
The electric eel completely resists.
The electric eel shoots out a bolt of lightning at you!
The bolt of electricity hits you!
* * * LOW HITPOINT WARNING * * *
Blink to where?
Press: ? - help, Dir - move target
As you read the scroll of blinking, it crumbles to dust.
The electric eel shoots out a bolt of lightning at you!
The bolt of electricity hits you.
* * * LOW HITPOINT WARNING * * *
The electric eel shoots out a bolt of lightning at you!
The bolt of electricity hits you but does no damage.
The electric eel shoots out a bolt of lightning at you!
The bolt of electricity hits you!
* * * LOW HITPOINT WARNING * * *
It was a potion of haste.
You feel yourself speed up.
The electric eel shoots out a bolt of lightning at you!
The bolt of electricity hits you!
You die...

# #.≈ #≈.≈# #
#.≈ #≈?≈# ≈ #
#.≈###≈.≈###≈.≈
#.≈≈≈S≈.S≈≈≈≈.≈
#.)............
##...######.#.#
##..# ##.# #@#
.## #.# ..# #.#
..# #.# ..# #.#
..## #.# ...#
### ###.# ...#
#.. ..#.# †..#
#.# #.#.#


You could see an electric eel.

Vanquished Creatures
  A steam dragon (D:8)
  Edmund (D:6)
  Duvessa (D:6)
  An orc warrior (D:5)
  A sky beast (D:6)
  A black bear (D:6)
  An ogre (D:7)
  3 phantoms
  3 scorpions
  3 bullfrogs
  Dowan (D:6)
  8 killer bees (D:7)
  2 hounds (D:5)
  An orc priest (D:5)
  An iguana (D:6)
  A sleepcap (D:5)
  4 orc wizards
  Robin (D:2)
  4 gnolls (D:4)
  20 adders
  6 river rats (D:4)
  A shadow imp (D:7)
  A white imp (D:5)
  4 ufetubi
  A worm (D:4)
  2 dart slugs
  15 orcs
  11 ball pythons
  11 endoplasms
  9 giant cockroaches (Sewer)
  9 goblins
  9 hobgoblins
  4 jackals (D:2)
  5 kobolds
  13 quokkas
  3 bats (D:1)
  9 frilled lizards
  4 rats
176 creatures vanquished.

Vanquished Creatures (others)
  17 foxfires (D:4)
17 creatures vanquished.

Grand Total: 193 creatures vanquished

Notes
Turn   | Place    | Note
-------+----------+-------------------------------------------
     0 | D:1      | thirtiethelement the Demonspawn Cinder Acolyte began the
                  | quest for the Orb.
     0 | D:1      | Reached XP level 1. HP: 18/18 MP: 2/2
   285 | D:1      | Gained mutation: You are partially covered in molten
                  | scales. (AC +2) [demonic ancestry]
   285 | D:1      | Reached XP level 2. HP: 24/24 MP: 3/3
   288 | D:1      | Learned a level 2 spell: Scorch
   411 | D:1      | Found a faded altar of an unknown god.
   814 | D:2      | You fall into a shaft and drop 1 floor!
   954 | D:2      | Noticed Robin
   961 | D:2      | Gained mutation: You have large cloven feet. [demonic
                  | ancestry]
   961 | D:2      | Reached XP level 3. HP: 19/29 MP: 1/4
   992 | D:2      | Killed Robin
  1672 | D:3      | Reached skill level 1 in Armour
  1672 | D:3      | Gained mutation: Spells you cast may paralyse adjacent
                  | enemies. [demonic ancestry]
  1672 | D:3      | Reached XP level 4. HP: 35/35 MP: 0/5
  2278 | D:3      | Found a bloodstained altar of Trog.
  2361 | D:4      | Reached skill level 1 in Dodging
  2361 | D:4      | Reached XP level 5. HP: 22/41 MP: 1/7
  2402 | D:4      | Found a glowing drain.
  2440 | Sewer    | Entered a sewer
  2866 | Sewer    | Reached XP level 6. HP: 30/47 MP: 1/10
  3047 | D:4      | Identified the +0 cloak "Zifu" {Rampage *Slow rF+ Int+5}
  3164 | D:4      | Reached skill level 1 in Short Blades
  3164 | D:4      | Reached skill level 1 in Stealth
  3785 | D:5      | Entered Level 5 of the Dungeon
  3794 | D:5      | Reached XP level 7. HP: 53/53 MP: 6/11
  4759 | D:6      | Gained mutation: Spells you cast may paralyse nearby
                  | enemies. [demonic ancestry]
  4759 | D:6      | Reached XP level 8. HP: 60/60 MP: 11/14
  4853 | D:6      | Noticed Edmund
  4857 | D:6      | Killed Edmund
  5033 | D:6      | Found a staircase to the Ecumenical Temple.
  5115 | D:6      | Noticed Dowan
  5126 | D:6      | Noticed Duvessa
  5133 | D:6      | Reached skill level 5 in Fire Magic
  5141 | D:6      | Killed Duvessa
  5148 | D:6      | Killed Dowan
  5302 | D:6      | Reached skill level 5 in Spellcasting
  5390 | Temple   | Entered the Ecumenical Temple
  5584 | D:7      | Gained mutation: You are mostly covered in molten scales.
                  | (AC +3) [demonic ancestry]
  5584 | D:7      | Reached XP level 9. HP: 60/65 MP: 14/17
  6401 | D:8      | HP: 2/65 [electric eel/bolt of electricity (8)]
  6402 | D:8      | Killed from afar by an electric eel

Illustrated notes

Levels and vault maps discovered:
D:1:      minmay_arrival_loop, layout_basic,
          shapermc_ecumenical_altar_mp_highgroup
D:2:      layout_basic, basic_altar, minmay_box_of_dots, uniq_robin
D:3:      layout_loops_ring, mainiacjoe_overflow_brackets
D:4:      layout_basic, lightli_sewer_entry_pipes, nicolae_half_adder
D:5:      layout_loops_ring, guppyfry_early_orc_mine
D:6:      layout_rooms, minmay_temple_entry_enclosed_plants, uniq_duvessa,
          uniq_edmund
D:7:      layout_rooms, serial_curves, eino_curves_03, eino_curves_04
D:8:      layout_loops_ring, kennysheep_boxes
Temple:   mainiacjoe_temple_trianglar_array

Skill      XL: |  1  2  3  4  5  6  7  8 |
---------------+-------------------------+-----
Long Blades    | 3 |  3.6
Fire Magic     | 3 4 5 |  5.8
Armour         | 1 2 |  2.9
Dodging        | 1 2 |  2.0
Spellcasting   | 2 3 4 5 |  5.8
Short Blades   | 1 2 3 |  3.9
Stealth        | 1 3 4 |  4.7
Fighting       | 4 |  4.0

Action                     |  1- 3 |  4- 6 |  7- 9 || total
---------------------------+-------+-------+-------++-------
  Melee: Falchion          |    95 |   140 |       ||   235
         Kick              |     7 |    36 |    21 ||    64
         Punch             |       |     2 |     1 ||     3
         Dagger            |       |    46 |    81 ||   127
   Cast: Scorch            |    17 |    37 |    51 ||   105
 Invoke: Foxfire Swarm     |       |     1 |       ||     1
    Use: Scroll            |       |       |     6 ||     6
         Potion            |       |       |     1 ||     1
   Stab: Paralysed         |       |     7 |    24 ||    31
         Sleeping          |       |       |     4 ||     4
         Distracted        |       |       |     1 ||     1
 Armour: Leather armour    |    40 |    77 |    27 ||   144
         Steam dragon scal |       |       |     1 ||     1
  Dodge: Dodged            |    71 |   110 |    44 ||   225

Table legend: (Time is in decaauts)
 A = Elapsed time spent in this place.
 B = Non-inter-level travel time spent in this place.
 C = Inter-level travel time spent in this place.
 D = Time resting spent in this place.
 E = Time spent auto-exploring this place.
 F = Levels seen in this place.
 G = Mean time per level.
                   A        B        C        D        E       F      G
               +--------+--------+--------+--------+--------+-----+--------+
         Total |   6497 |   6321 |    176 |     92 |   4954 |  10 |  649.7 |
       Dungeon |   5867 |   5712 |    155 |     92 |   4696 |   8 |  733.4 |
        Temple |     53 |     33 |     20 |      0 |      0 |   1 |   53.0 |
         Sewer |    576 |    576 |      0 |      0 |    257 |   1 |  576.0 |
               +--------+--------+--------+--------+--------+-----+--------+

Top non-repeatable levels by time:
     D:4: 990 daAuts
     D:5: 958 daAuts
     D:2: 852 daAuts
     D:3: 849 daAuts
     D:7: 692 daAuts
     D:6: 659 daAuts
     D:1: 627 daAuts
   Sewer: 576 daAuts
     D:8: 236 daAuts
  Temple: 53 daAuts
